 Dungeon Crawl Stone Soup version 0.30.0-5-g1a98f26d00 (webtiles) character file.

Game seed: 12333886413596506532

36722 juan097 the Cleaver (level 12, -4/168 HPs)
             Began as a Minotaur Fighter on May 12, 2023.
             Was a High Priest of Ru.
             Slain by Lodul
             ... wielding a +0 dire flail of protection
              (29 damage)
             ... on level 12 of the Dungeon.
             The game lasted 00:45:34 (17867 turns).

juan097 the Cleaver (Minotaur Fighter)             Turns: 17867, Time: 00:45:36

Health: -4/168     AC: 13    Str: 26    XL:     12   Next: 54%
Magic:  11/11      EV:  8    Int:  5    God:    Ru [*****.]
Gold:   870        SH:  5    Dex: 10    Spells: 11/11 levels left

rFire   + . .        a - +4 broad axe
rCold   . . .        c - +0 buckler
rNeg    + . .        g - +0 acid dragon scales
rPois   .            D - +2 hat
rElec   .            q - scarf {repulsion}
rCorr   +            (no gloves)
SInv    .            N - +1 pair of boots
Will    .....        l - amulet of the acrobat
Stlth   x              - ring of protection from fire
HPRegen 0.48/turn    B - ring of positive energy
MPRegen 0.12/turn

%: repel missiles, acrobat
@: berserking, very quick
A: horns 2, hated by all, cowardly, reduced EV 1, inexperienced 1, retaliatory
headbutt
a: Renounce Religion, Draw Out Power, Power Leap, Apocalypse


You were on level 12 of the Dungeon.
You worshipped Ru.
Ru was extremely pleased with you.
You visited 3 branches of the dungeon, and saw 16 of its levels.
You visited the Abyss 1 time.
You also visited: Sewer and Bailey.

You collected 982 gold pieces.
You spent 112 gold pieces at shops.

Inventory:

Hand Weapons
 a - a +4 broad axe (weapon)
 b - the +9 whip of Vuomp {vamp, Str+5}
   (You found it on level 10 of the Dungeon)

   Str:       It affects your strength (+5).
Missiles
 n - 5 javelins
 w - 26 poisoned darts (quivered)
 J - 9 boomerangs
 L - 6 atropa-tipped darts
Armour
 c - a +0 buckler (worn)
 g - +0 acid dragon scales (worn)
 q - a scarf of repulsion (worn)
 C - a +2 cloak
 D - a +2 hat (worn)
 N - a +1 pair of boots (worn)
Magical Staves
 v - a staff of poison
Jewellery
 d - a ring of wizardry
 l - an amulet of the acrobat (around neck)
 m - a ring of resist corrosion
 x - a ring of protection from fire (left hand)
 y - a ring of fire
 B - a ring of positive energy (right hand)
Wands
 h - a wand of iceblast (16)
 z - a wand of digging (3)
 E - a wand of quicksilver (5)
 H - a wand of flame (37)
Scrolls
 i - 2 scrolls of enchant weapon
 k - 3 scrolls of blinking
 p - 4 scrolls of teleportation
 r - 3 scrolls of fear
 s - a scroll of torment
 u - 4 scrolls of vulnerability
 A - 2 scrolls of amnesia
 F - 4 scrolls of fog
 G - 8 scrolls of poison
 M - a scroll of magic mapping
 U - a scroll of enchant armour
Potions
 e - 6 potions of curing
 f - 2 potions of mutation
 j - 2 potions of brilliance
 t - 5 potions of flight
 I - 3 potions of resistance
 K - 2 potions of haste
 P - a potion of cancellation
 Q - 2 potions of attraction
 R - 3 potions of lignification
 T - a potion of heal wounds


   Skills:
 + Level 11.8 Fighting
 + Level 14.6 Axes
 - Level 6.0 Throwing
 + Level 11.6 Armour
 - Level 8.0 Dodging
 - Level 6.0 Stealth
 - Level 8.0 Shields
 - Level 6.0 Evocations


You had 11 spell levels left.
You didn't know any spells.
Your spell library contained the following spells:

 Spells                   Type           Power      Damage    Failure   Level
 Foxfire                  Conj/Fire      0%         2x1d4     56%         1
 Necrotise                Necr           0%         1d4       56%         1
 Shock                    Conj/Air       0%         1d3       56%         1
 Frozen Ramparts          Ice            0%         1d1       91%         3
 Inner Flame              Hex/Fire       0%         N/A       91%         3
 Vampiric Draining        Necr           0%         2d6       91%         3
 Volatile Blastmotes      Fire/Tloc      0%         2d10      91%         3
 Flame Wave               Conj/Fire      0%         2d4       100%        4
 Fulminant Prism          Conj/Hex       0%         3d5       100%        4
 Ice Form                 Ice/Tmut       0%         N/A       100%        4
 Iskenderun's Mystic Bla  Conj/Tloc      0%         2d3       100%        4
 Passage of Golubria      Tloc           0%         N/A       100%        4
 Sticky Flame             Conj/Fire      0%         2d3       100%        4
 Agony                    Necr           0%         N/A       100%        5
 Blade Hands              Tmut           0%         N/A       100%        5
 Lee's Rapid Deconstruct  Erth           0%         3d4*      100%        5
 Silence                  Hex/Air        0%         N/A       100%        5
 Iron Shot                Conj/Erth      0%         9d1       100%        6
 Borgnjor's Revivificati  Necr           0%         N/A       100%        8
 Lehudib's Crystal Spear  Conj/Erth      0%         10d2      100%        8
 Necromutation            Tmut/Necr      0%         N/A       100%        8
 Death's Door             Necr           0%         N/A       100%        9
 Animate Armour           Summ/Erth      Unusable   N/A       N/A         4
 Summon Ice Beast         Ice/Summ       Unusable   N/A       N/A         4

Dungeon Overview and Level Annotations

Branches:
Dungeon (12/15)            Temple (1/1) D:5            Lair (3/5) D:8
  Sewer (visited)          Bailey (visited)
  Swamp: Lair:2-3    Shoals: Lair:2-3     Snake: Lair:2-3    Spider: Lair:2-3
    Orc: D:9-12

Altars:
Ashenzari
Cheibriados
Dithmenos
Elyvilon
Gozag
Kikubaaqudgha
Makhleb
Nemelex Xobeh
Okawaru
Ru
Sif Muna
Trog
Uskayaw
Vehumet
Wu Jian
Xom
Zin
The Shining One
Lugonu

Shops:
D:3 (   D:8 (   D:9 (   D:11 *

Annotations:
D:4 2 transporters
D:12 Lodul
Lair:2 1 runed translucent door, PerfectTommy's ghost, journeyman MiFi


Innate Abilities, Weirdness & Mutations

You have a pair of horns on your head.
You are hated by all.
Your cowardice makes you less effective in combat with threatening foes.
You have somewhat slow reflexes. (EV -5)
You are somewhat inexperienced. (-1 XL)
You reflexively headbutt those who attack you in melee.


Message History

You hit Lodul. You headbutt Lodul, but do no damage.
Lodul is heavily wounded.
You hear a shout! x2
An ogre comes into view. It is wielding a +0 giant club.
Lodul hits you with a +0 dire flail of protection!
You barely miss Lodul. You headbutt Lodul!
Lodul is severely wounded.
Lodul hits you with a +0 dire flail of protection!
You hit Lodul but do no damage.
Lodul is severely wounded.
You closely miss Lodul.
Lodul is severely wounded.
Lodul hits you with a +0 dire flail of protection.
You hit Lodul.
Lodul is severely wounded.
An ogre comes into view. It is wielding a +0 giant club.
You hit Lodul but do no damage.
Lodul is severely wounded.
You hit Lodul but do no damage.
Lodul is severely wounded.
You block Lodul's attack.
You slash Lodul!
Lodul is severely wounded.
You slash the ogre!
An ogre comes into view. It is wielding a +0 giant spiked club.
The ogre hits you with a +0 giant club.
A red film seems to cover your vision as you go berserk!
You feel yourself moving faster!
You feel mighty!
The ogre shouts!
You hear a shout!
You block Lodul's attack.
The ogre hits you with a +0 giant club!!
* * * LOW HITPOINT WARNING * * *
You hear a shout!
You slash Lodul! Your headbutt misses Lodul.
Lodul is almost dead.
You slice the ogre!!
You kill the ogre!
An ogre comes into view. It is wielding a +0 giant club.
Lodul hits you with a +0 dire flail of protection!!
You die...

. # # # ##########
############### #.>.......
#.........#....
##.############.........#....
##.....OO.OOO................
#.....)#####@...........#....
#......# #............#....
#......# #............#####
#......# #....#########
#....O.# #....# #......#
#....# ####.### #....# #.#
######


You could see Lodul and 4 ogres.

Vanquished Creatures
  An orc warlord (Bailey)
  Erolcha (D:11)
  A centaur warrior (D:12)
  3 two-headed ogres
  A boulder beetle (D:12)
  4 orc knights (Bailey)
  2 ugly things
  A worldbinder (Abyss:1)
  2 cyclopes
  An unseen horror (Lair:1)
  2 rime drakes
  3 cane toads (Lair:1)
  A kobold demonologist (D:8)
  5 komodo dragons
  3 trolls
  A polar bear (Lair:1)
  Prince Ribbit (D:5)
  8 blink frogs (Lair:1)
  3 shadows
  2 wraiths
  19 yaks
  Grum (Lair:1)
  2 humans (D:12)
  2 wyverns
  A steam dragon (Lair:1)
  3 vampire mosquitoes (D:12)
  A neqoxec (Abyss:1)
  Edmund (D:5)
  2 acid dragons
  5 water moccasins
  14 orc warriors
  A sky beast (D:7)
  5 ice beasts (D:8)
  2 ogres (D:12)
  A black bear (Lair:1)
  5 centaurs
  16 wolves
  2 phantoms
  Blork the orc (D:7)
  2 kobold brigands (D:11)
  4 bullfrogs
  A gnoll sergeant (D:9)
  3 scorpions
  A wight (D:6)
  27 killer bees
  2 howler monkeys (D:7)
  4 electric eels
  2 orc priests (D:8)
  3 jellies
  2 sleepcaps (D:5)
  3 hounds
  A gnoll bouda (D:6)
  7 iguanas
  8 orc wizards
  8 gnolls
  20 adders
  7 river rats
  2 shadow imps
  2 white imps (D:6)
  5 ufetubi
  A dart slug (D:4)
  2 worms (D:3)
  61 orcs
  12 endoplasms
  5 giant cockroaches
  14 goblins
  13 hobgoblins
  7 jackals (Sewer)
  9 quokkas
  12 ball pythons
  5 bats
  6 frilled lizards
  19 kobolds
  7 rats
417 creatures vanquished.

Vanquished Creatures (others)
  A two-headed ogre (D:10)
  An orc warrior (Bailey)
  A killer bee (D:8)
  4 starspawn tentacles (Abyss:1)
7 creatures vanquished.

Grand Total: 424 creatures vanquished

Notes
Turn   | Place    | Note
-------+----------+-------------------------------------------
     0 | D:1      | juan097 the Minotaur Fighter began the quest for the Orb.
     0 | D:1      | Reached XP level 1. HP: 19/19 MP: 0/0
    90 | D:1      | Noticed a great orb of eyes
    92 | D:1      | Found a faded altar of an unknown god.
   132 | D:1      | Noticed a floating eye
   132 | D:1      | Noticed a great orb of eyes
   132 | D:1      | Noticed a shining eye
   294 | D:1      | Reached XP level 2. HP: 27/27 MP: 1/1
   358 | D:1      | Reached skill level 3 in Axes
   731 | D:2      | Reached XP level 3. HP: 30/33 MP: 2/2
  1011 | D:2      | Reached skill level 1 in Stealth
  1037 | D:2      | Got the Writings on Oxidation and Nephomancy
  1162 | D:2      | Reached XP level 4. HP: 40/40 MP: 3/3
  1641 | D:3      | Reached skill level 4 in Axes
  1683 | D:3      | Found a glowing drain.
  1701 | Sewer    | Entered a sewer
  1711 | Sewer    | Reached XP level 5. HP: 46/47 MP: 4/4
  2587 | D:3      | Reached skill level 5 in Axes
  2749 | D:3      | Reached XP level 6. HP: 53/53 MP: 5/5
  3034 | D:3      | Found Vannuin's Weapon Shop.
  3043 | D:3      | Bought a +0 broad axe for 52 gold pieces
  3399 | D:4      | Reached skill level 5 in Fighting
  3427 | D:4      | Noticed a small abomination
  3434 | D:4      | Found a transporter.
  3434 | D:4      | Noticed a toenail golem
  3490 | D:4      | Reached skill level 5 in Shields
  3577 | D:4      | Found a transporter.
  4018 | D:5      | Entered Level 5 of the Dungeon
  4030 | D:5      | Found an ornate altar of the Wu Jian Council.
  4101 | D:5      | Reached skill level 6 in Axes
  4101 | D:5      | Reached XP level 7. HP: 35/61 MP: 6/6
  4394 | D:5      | Found a staircase to the Ecumenical Temple.
  4396 | D:5      | Noticed Blork the orc
  4412 | D:5      | Noticed Edmund
  4428 | D:5      | Killed Edmund
  4534 | D:5      | Noticed Prince Ribbit
  4562 | D:5      | Killed Prince Ribbit
  4563 | D:5      | Reached skill level 7 in Axes
  4842 | D:5      | Reached XP level 8. HP: 64/70 MP: 7/7
  4973 | Temple   | Entered the Ecumenical Temple
  5043 | Temple   | Became a worshipper of Ru the Awakened
  5392 | D:6      | Reached skill level 8 in Axes
  5392 | D:6      | Reached skill level 1 in Evocations
  5403 | D:6      | Found a shimmering altar of Xom.
  5762 | Abyss:1  | Found a corrupted altar of Lugonu.
  5762 | Abyss:1  | Cast into level 1 of the Abyss (Blork the orc)
  5771 | Abyss:1  | Noticed a tentacled starspawn
  5778 | Abyss:1  | Found a corrupted altar of Lugonu.
  5815 | Abyss:1  | Noticed a worldbinder
  5824 | Abyss:1  | Noticed a manticore
  5824 | Abyss:1  | Noticed a merfolk aquamancer
  5824 | Abyss:1  | Noticed a snapping turtle
  5840 | Abyss:1  | Noticed a snapping turtle
  5840 | Abyss:1  | Noticed a snapping turtle
  5840 | Abyss:1  | Noticed a snapping turtle
  5840 | Abyss:1  | Killed a worldbinder
  5841 | Abyss:1  | Reached skill level 1 in Dodging
  5842 | Abyss:1  | Reached XP level 9. HP: 63/78 MP: 8/8
  5844 | D:7      | Escaped the Abyss
  5846 | D:7      | Killed Blork the orc
  6202 | D:7      | Found a flagged portal.
  6257 | Bailey   | Entered a bailey
  6374 | Bailey   | Reached skill level 5 in Armour
  6380 | Bailey   | Gained mutation: You have somewhat slow reflexes. (EV -5)
                  | [Ru sacrifice]
  6380 | Bailey   | Reached * piety under Ru
  6558 | Bailey   | Noticed an orc knight
  6559 | Bailey   | Noticed an orc knight
  6559 | Bailey   | Noticed an orc sorcerer
  6592 | Bailey   | Killed an orc knight
  6593 | Bailey   | Reached skill level 5 in Stealth
  6700 | Bailey   | Noticed an orc knight
  6718 | Bailey   | Killed an orc knight
  6719 | Bailey   | Reached skill level 9 in Axes
  7116 | Bailey   | Noticed an orc warlord
  7133 | Bailey   | Killed an orc warlord
  7134 | Bailey   | Reached XP level 10. HP: 34/88 MP: 9/9
  7220 | Bailey   | Noticed an orc knight
  7281 | Bailey   | Noticed an orc knight
  7297 | Bailey   | Killed an orc knight
  7484 | Bailey   | Reached skill level 10 in Axes
  7606 | Bailey   | HP: 3/132 [orc knight/+0 broad axe (13)]
  7607 | Bailey   | Killed an orc knight
  8206 | D:7      | Found a bloodstained altar of Trog.
  8209 | D:7      | Found a burning altar of Makhleb.
  8257 | D:7      | Found an opulent altar of Gozag.
  8258 | D:7      | Found a radiant altar of Vehumet.
  8262 | D:7      | Found a hazy altar of Hepliaklqana.
  8263 | D:7      | Found an ancient bone altar of Kikubaaqudgha.
  8518 | D:7      | Found a blossoming altar of Fedhas.
  8544 | D:7      | Found a glowing silver altar of Zin.
  8545 | D:7      | Found a shadowy altar of Dithmenos.
  8773 | D:8      | Found Haugyteu's Antique Weapon Shop.
  8947 | D:8      | Reached skill level 11 in Axes
  9347 | D:8      | Reached skill level 12 in Axes
  9414 | D:8      | Found a staircase to the Lair.
  9432 | D:8      | Reached XP level 11. HP: 90/94 MP: 10/10
  9479 | Lair:1   | Entered Level 1 of the Lair of Beasts
  9488 | Lair:1   | Reached skill level 1 in Throwing
 10309 | Lair:1   | Gained mutation: You are somewhat inexperienced. (-1 XL)
                  | [Ru sacrifice]
 10309 | Lair:1   | Reached XP level 10. HP: 90/90 MP: 9/9
 10309 | Lair:1   | Reached ** piety under Ru
 10365 | Lair:1   | Reached skill level 5 in Dodging
 10707 | Lair:1   | Reached skill level 5 in Evocations
 10796 | Lair:1   | Reached skill level 13 in Axes
 10796 | Lair:1   | Reached XP level 11. HP: 58/99 MP: 10/10
 11015 | Lair:1   | Noticed Grum
 11026 | Lair:1   | Killed Grum
 11378 | Lair:1   | Reached skill level 10 in Fighting
 11965 | D:8      | Reached skill level 10 in Armour
 12769 | D:9      | Found a white marble altar of Elyvilon.
 12839 | D:9      | Found Vizenguq's Weapon Emporium.
 13144 | D:9      | Reached skill level 5 in Throwing
 13615 | Lair:2   | Gained mutation: Your cowardice makes you less effective in
                  | combat with threatening foes. [Ru sacrifice]
 13615 | Lair:2   | Reached *** piety under Ru
 13658 | Lair:2   | Found a runed translucent door.
 13920 | Lair:2   | Noticed a six-headed hydra
 14156 | Lair:2   | Noticed a four-headed hydra
 14223 | Lair:3   | Noticed a four-headed hydra
 14241 | Lair:2   | Noticed PerfectTommy's ghost (journeyman MiFi)
 14397 | D:10     | Entered Level 10 of the Dungeon
 14423 | D:10     | Noticed a two-headed ogre
 14431 | D:10     | Killed a two-headed ogre
 14432 | D:10     | Reached XP level 12. HP: 98/107 MP: 11/11
 15083 | D:10     | Found a snail-covered altar of Cheibriados.
 15424 | D:10     | Identified the +9 whip of Vuomp {vamp, Str+5}
 15465 | D:10     | Identified the +10 long sword "Koos Diyt" {freeze, Will+
                  | Int+2}
 16066 | D:11     | Reached skill level 14 in Axes
 16081 | D:11     | Found Benorom's General Store.
 16089 | D:11     | Bought a scroll of poison for 60 gold pieces
 16146 | D:11     | Gained mutation: You are hated by all. [Ru sacrifice]
 16146 | D:11     | Reached **** piety under Ru
 16146 | D:11     | Reached ***** piety under Ru
 16737 | D:11     | Noticed Erolcha
 16747 | D:11     | Killed Erolcha
 17216 | D:12     | Found an iron altar of Okawaru.
 17216 | D:12     | Noticed Lodul
 17867 | D:12     | Slain by Lodul

Illustrated notes

Levels and vault maps discovered:
D:1:      spicycebolla_arrival_clurvy, layout_basic,
          hellmonk_ecumenical_altar_watching_god
D:2:      layout_basic
D:3:      layout_loops_ring, serial_shops, shop, gup_sewer_entry_bubbles,
          grunt_ministairs_8, minmay_fractal_squares_5
D:4:      layout_loops_ring, gammafunk_ghost_abyssal_escape,
          hangedman_abyss_or_decor_slice
D:5:      layout_rooms, kennysheep_little_box, minmay_temple_entry_large_hall,
          uniq_edmund, uniq_blork_the_orc, uniq_prince_ribbit1
D:6:      layout_basic, xom_confusion_cloud, kennysheep_donut,
          chequers_serial_rivers_room_b
D:7:      layout_loops_ring, nicolae_overflow_hidden_temple, minitemple,
          fedhas_altar_2, enter_bailey_2, minmay_misc_feat_columns,
          kennysheep_generic_room_8
D:8:      layout_layer_cave, hellmonk_lair_entry_icy, serial_shops,
          nicolae_stop_n_shop_1, special_room [special_room_orc]
D:9:      layout_loops_ring, elyvilon_altar_5, serial_shops, nicolae_shop_trees
D:10:     layout_gridville, marbit_many_paths
D:11:     layout_gridville, serial_shops, nicolae_shop_waterfront,
          nicolae_hepliaklqana_hazy_memory, uniq_erolcha
D:12:     layout_basic, erik_orc_1, gammafunk_ghost_hive,
          grunt_decor_resistance, okawaru_humans, uniq_kirke, uniq_lodul
Temple:   kb_corrupted_temple
Lair:1:   layout_regular_city, minivault_25, uniq_grum
Lair:2:   layout_regular_city, spider_nest_entry_a,
          ebering_ghost_reflecting_pool
Lair:3:   layout_roguey, minmay_shoals_entry_centaurs, grunt_megastairs_3

Skill      XL: |  1  2  3  4  5  6  7  8  9 10 11 12 |
---------------+-------------------------------------+-----
Axes           | 3 4 5 6 7 8 9 13 14 | 14.6
Armour         | 4 6 9 10 11 | 11.6
Shields        | 4 5 6 7 8 |  8.0
Fighting       | 4 5 6 8 9 10 11 | 11.8
Stealth        | 1 2 3 4 5 6 |  6.0
Evocations     | 4 5 6 |  6.0
Dodging        | 1 4 6 7 8 |  8.0
Throwing       | 4 5 6 |  6.0

Action                     |  1- 3 |  4- 6 |  7- 9 | 10-12 || total
---------------------------+-------+-------+-------+-------++-------
  Melee: War axe           |    72 |   134 |       |       ||   206
         Headbutt          |     3 |    28 |    37 |   110 ||   178
         Broad axe         |       |    67 |   225 |   651 ||   943
  Throw: Dart              |       |     1 |    42 |    28 ||    71
         Boomerang         |       |       |     5 |    49 ||    54
 Invoke: Sacrifice Health  |       |       |     1 |       ||     1
         Sacrifice Experie |       |       |       |     1 ||     1
         Sacrifice Courage |       |       |       |     1 ||     1
         Sacrifice Love    |       |       |       |     1 ||     1
  Evoke: Wand              |       |       |     5 |     9 ||    14
    Use: Potion            |       |     1 |     2 |    11 ||    14
         Scroll            |       |       |    12 |    13 ||    25
   Stab: Invisible         |       |       |       |    12 ||    12
         Sleeping          |       |       |       |     6 ||     6
         Paralysed         |       |       |       |     1 ||     1
 Armour: Scale mail        |    40 |    85 |    91 |   146 ||   362
         Acid dragon scale |       |       |       |   106 ||   106
  Dodge: Dodged            |    38 |   118 |    82 |   252 ||   490
         Repelled          |       |       |     2 |       ||     2
  Block: Buckler           |    21 |    41 |    48 |   151 ||   261
